 Dungeon Crawl Stone Soup version 0.23-b1-3-gdda8187c6f (webtiles) character file.

Game seed: 16956361759263360282

187 Morbidden the Chopper (level 5, -3/42 HPs)
             Began as a Formicid Fighter on Jan 31, 2019.
             Slain by a worker ant (4 damage)
             ... on level 4 of the Dungeon.
             The game lasted 00:03:29 (2708 turns).

Morbidden the Chopper (Formicid Fighter)            Turns: 2708, Time: 00:03:30

Health: -3/42      AC:  6    Str: 26 (27) XL:     5   Next: 99%
Magic:  5/5        EV:  8    Int:  2 (5)  God:
Gold:   123        SH: 11    Dex:  9 (10) Spells: 4/4 levels left

rFire    . . .     SeeInvis +   a - +1 war axe
rCold    . . .     Gourm    .   c - +1 shield
rNeg     . . .     Faith    .   b - +0 scale mail
rPois    .         Spirit   .   (helmet unavailable)
rElec    .         Reflect  .   (no cloak)
rCorr    .         Harm     .   (no gloves)
MR       .....                  (no boots)
Stlth    ..........             m - amulet of inaccuracy (curse)
HPRegen  0.14/turn              (no ring)
MPRegen  0.09/turn              (no ring)

@: mighty, lethally poisoned (-3 -> -9)
A: permanent stasis, dig shafts and tunnels, four strong arms, antennae 3,
hooves 1, dopey 1, MP-powered wands
a: Dig, Shaft Self


You were on level 4 of the Dungeon.
You were not hungry.

You visited 1 branch of the dungeon, and saw 4 of its levels.

You collected 123 gold pieces.

Inventory:

Hand Weapons
 a - a +1 war axe (weapon)
Armour
 b - a +0 scale mail (worn)
 c - a +1 shield (worn)
Jewellery
 m - a cursed amulet of inaccuracy (around neck)
Scrolls
 e - a scroll of amnesia {unknown}
 g - 3 scrolls of magic mapping
 j - a scroll of enchant armour
 k - a scroll of remove curse {unknown}
 n - a scroll of identify
 o - a scroll of teleportation {unknown}
Comestibles
 f - 9 rations


   Skills:
 + Level 3.8 Fighting
 * Level 4.8 Axes
 + Level 3.6 Armour
 + Level 0.3 Dodging
 + Level 4.1 Shields


You had 4 spell levels left.
You didn't know any spells.
Your spell library was empty.

Dungeon Overview and Level Annotations

Branches:
Dungeon (4/15)
 Temple: D:4-7

Altars:


Innate Abilities, Weirdness & Mutations

You cannot be hasted, slowed, berserked, paralysed or teleported.
You can dig through walls and to a lower floor.
Your four strong arms can wield two-handed weapons with a shield.
You have a pair of large antennae on your head. (SInv)
You have large cloven feet.
You are dopey. (Int -2)
You expend magic power (3 MP) to strengthen your wands.


Message History

You closely miss the worker ant. Your kick misses the worker ant.
You miss the frilled lizard. You barely miss the hound.
The hound bites you but does no damage. You block the worker ant's attack.
You block the frilled lizard's attack. The hound closely misses you.
The phantom blinks!
The worker ant bites you.
* * * LOW HITPOINT WARNING * * *
You are lethally poisoned!
The worker ant poisons you!
You miss the frilled lizard. You completely miss the worker ant.
You miss the hound.
* * * LOW HITPOINT WARNING * * *
You feel sick. You block the hound's attack.
The frilled lizard bites you but does no damage.
The worker ant bites you but does no damage.
The hound bites you.
* * * LOW HITPOINT WARNING * * *
The frilled lizard bites you.
* * * LOW HITPOINT WARNING * * *
The worker ant bites you.
You die...

###... #. ..#...
.#.. ##.#..#
.%#(####...).## .
............. ..
#.#...ยง...# ..#
###.W..hla..# ..
[.......@...#.# .#
####.#.........#.#
...
#................#
#.#
#............#.#.#
..
#.....###......#..
{ # #.....#
#.#...##. #
#.....###.#...#..
#
#####.##..#..##.#
# ##.##.#...##.#
########


You could see a phantom, a hound, a worker ant and a frilled lizard.

Vanquished Creatures
  A sky beast (D:3)
  3 adders
  4 worms (D:2)
  A dart slug (D:2)
  2 orcs (D:3)
  4 giant cockroaches
  8 hobgoblins
  7 kobolds
  3 quokkas
  3 ball pythons
  5 bats
  3 frilled lizards
  5 goblins
  6 rats
55 creatures vanquished.

Notes
Turn   | Place    | Note
-------+----------+-------------------------------------------
     0 | D:1      | Morbidden the Formicid Fighter began the quest for the Orb.
     0 | D:1      | Reached XP level 1. HP: 18/18 MP: 1/1
   168 | D:1      | Reached XP level 2. HP: 24/24 MP: 2/2
   743 | D:2      | Reached XP level 3. HP: 25/29 MP: 3/3
  1378 | D:2      | Reached XP level 4. HP: 26/35 MP: 4/4
  1824 | D:3      | Noticed a sky beast
  1832 | D:3      | Killed a sky beast
  1832 | D:3      | Reached XP level 5. HP: 22/42 MP: 5/5
  2669 | D:4      | Noticed a phantom
  2704 | D:4      | Gained mutation: You are dopey. (Int -2) [potion of
                  | mutation]
  2704 | D:4      | Gained mutation: You have large cloven feet. [potion of
                  | mutation]
  2704 | D:4      | Gained mutation: You expend magic power (3 MP) to
                  | strengthen your wands. [potion of mutation]
  2704 | D:4      | HP: 1/42 [worker ant (4)]
  2708 | D:4      | Slain by a worker ant

Skill      XL: |  1  2  3  4 |
---------------+-------------+-----
Axes           | 3 4 |  4.8
Shields        | 4 |  4.1
Fighting       | |  3.8
Armour         | |  3.6
Dodging        | |  0.3

Action                   |  1- 3 |  4- 6 || total
-------------------------+-------+-------++-------
Melee: War axe           |   105 |   116 ||   221
  Use: Scroll            |       |     4 ||     4
       Potion            |       |     5 ||     5
  Eat: Chunk             |     2 |     4 ||     6
Armor: Scale mail        |    43 |    45 ||    88
Dodge: Dodged            |    32 |    36 ||    68
Block: Shield            |    57 |    67 ||   124
